[Event "*** Titled Tuesday Blitz"]
[Site "Chess.com"]
[Date "2019.05.07"]
[Round "9"]
[White "ilm2034"]
[Black "saraswathii"]
[Result "0-1"]
[WhiteElo "2396"]
[BlackElo "2298"]
[TimeControl "180+2"]
[EndTime "15:08:51 PDT"]
[Termination "saraswathii won by checkmate"]

1. d4 c5 2. d5 e6 3. c4 Nf6 4. Nc3 g6 5. h4 d6 6. Nf3 exd5 7.
cxd5 Bg7 8. h5 Nxh5 9. Rxh5 gxh5 10. Bg5 Qb6 11. Qd2 O-O 12. e3 Nd7 13. Bd3 a6 14.
Rb1 Re8 15. Nh4 Ne5 16. Bf5 Ng6 17. Bxc8 Raxc8 18. Nf5 Re5 19. e4 Rce8 20. Kf1 Qb4 21. Nxd6 Rf8 22. f4 Rxg5 23. fxg5 c4 24. Nf5 Be5 25.
Ke2 Re8 26. g3 Bxc3 27. Qxc3 Rxe4+ 28. Kf3 Qxc3+ 29. bxc3 Re5 30. Nh6+ Kg7 31. g4 Rxg5 32. Nf5+ Kf6 33. d6 hxg4+ 34. Ke4 Rxf5 35. d7 Re5+ 36. Kd4 Ke7 37. Rf1 Re6 38. Rxf7+ Kd8 39. Rxh7 Rd6+ 40.
Kxc4 Rxd7 41. Rh6 Ne5+ 42. Kc5 g3 43. Rh8+ Kc7 44. Rg8 Rd3 45. Rg7+ Kd8 46. c4 Nd7+ 47. Kb4 Ke8 48. c5 Kf8 49. Rg5 Kf7 50. Ka5 Kf6 51.
Rg8 Nxc5 52. Kb6 Ne6 53. Kxb7 Ng7 54. Rf8+ Ke5 55. Rf1 g2 56. Rg1 Rd2 57. a4 Nf5 58. Kxa6 Nh4 59. a5 Kd6 60. Ka7 Nf3 61. Ra1 g1=Q+ 62.
Rxg1 Nxg1 63. a6 Kc5 64. Kb8 Kb6 65. a7 Rd8# 0-1

[Event "*** Titled Tuesday Blitz"]
[Site "Chess.com"]
[Date "2019.05.07"]
[Round "9"]
[White "FancyPlaySyndrome"]
[Black "Sadikhov_Ulvi"]
[Result "1-0"]
[WhiteElo "2550"]
[BlackElo "2684"]
[TimeControl "180+2"]
[EndTime "15:09:17 PDT"]
[Termination "FancyPlaySyndrome won by resignation"]

1. e4 c5 2. Nf3 Nc6 3. Bb5 d6 4. O-O Bd7 5. Re1 a6 6. Bf1 Nf6 7. h3 e5 8. c3 Be7 9. d4 O-O 10.
Na3 Qc7 11. Nc2 Rfe8 12. g3 Bf8 13. d5 Nd8 14. a4 b6 15. Bg5 Be7 16. Bg2 Nb7 17.
b3 b5 18. axb5 axb5 19. Rb1 Ra2 20. Nh2 Rea8 21. Ne3 Qd8 22. f4 h6 23. Bxf6 Bxf6 24. f5 b4 25. c4 R8a3 26. h4 Na5 27. Nf3 h5 28. Bf1 g6 29. fxg6 fxg6 30. Re2 Qc8 31. Rxa2 Rxa2 32. Nd2 Bg7 33. Be2 Bh6 34. Nef1 Bh3 35.
Kh2 Bxf1 36. Nxf1 Qg4 37. Nd2 Rxd2 38. Qxd2 Bxd2 39. Bxg4 hxg4 40. Kg2 Kf7 41. Kf2 Ke7 42. Ke2 Bc3 43. Kd3 Bd4 44. Ke2 Kd7 45. Kd3 Kc7 46. Kc2 Kd7 47. Rf1 Ke7 48. Rh1 Nb7 49. h5 gxh5 50. Rxh5 Nd8 51. Rg5 Nf7 52. Rxg4 Kf6 53.
Kd3 Ng5 54. Ke2 Kg6 55. Rh4 Bc3 56. Ke3 Be1 57. Rh8 Bxg3 58. Rd8 Nf7 59. Rg8+ Kh5 60. Rxg3 Ng5 61. Rg1 Kg6 62. Ra1 Kf6 63. Ra6 Nf7 64.
Ra7 Kg6 65. Kf3 Kf6 66. Kg4 Ng5 67. Rd7 Nxe4 68. Kh4 Kf5 69. Rf7+ Nf6 70. Re7 e4 71. Re6 Ng4 72. Kg3 Ne5 73. Rxd6 Nf3 74. Re6 Nd4 75.
Re8 Nxb3 76. d6 Na5 77. d7 Nc6 78. d8=Q Nxd8 79. Rxd8 Ke5 80. Rd5+ Ke6 81. Kf4 b3 82. Rxc5 b2 83. Rb5 1-0

[Event "*** Titled Tuesday Blitz"]
[Site "Chess.com"]
[Date "2019.05.07"]
[Round "9"]
[White "gliglu"]
[Black "vovachesss"]
[Result "0-1"]
[WhiteElo "2549"]
[BlackElo "2547"]
[TimeControl "180+2"]
[EndTime "15:09:25 PDT"]
[Termination "vovachesss won by resignation"]

1. d4 b6 2. c4 Bb7 3. d5 e6 4. a3 Nf6 5. Nc3 exd5 6. cxd5 g6 7. g3 Bg7 8. Bg2 O-O 9. Nh3 Re8 10. O-O a5 11. Bf4 Na6 12. Rc1 d6 13. Ng5 h6 14.
Nf3 Nc5 15. Nd4 a4 16. Nc6 Bxc6 17. dxc6 Nfe4 18. Nxe4 Nxe4 19. Rc4 Nc5 20. Qc2 Qf6 21.
Bc1 Re7 22. Rf4 Qe6 23. Bf3 Rae8 24. Rd1 Ra8 25. Bd5 Qe5 26. Rf3 Rae8 27. Qc4 Rf8 28.
Kf1 Qh5 29. h4 Nb3 30. Bf4 Bxb2 31. Qxa4 Nc5 32. Qc2 Be5 33. Bxe5 Rxe5 34. Qc4 Kg7 35. Bxf7 b5 36. Qf4 Qf5 37. Qd2 Qh3+ 38. Kg1 Rxf7 39. Rxf7+ Kxf7 40. Qxh6 Qe6 41. e3 Qf6 42. Rd4 Rh5 43. Qf4 Qxf4 44. Rxf4+ Ke6 45. Kg2 g5 46. hxg5 Rxg5 47. Rf8 Kd5 48. f4 Rg7 49. Kf3 Kxc6 50. g4 Ne6 51. Re8 Kd7 52. Rb8 Kc6 53.
g5 Kd5 54. Kg4 Ke4 55. Re8 Rg6 56. Kh5 Kf5 57. e4+ Kxf4 58. Kxg6 Nxg5 59. Rf8+ Kg4 60. Re8 Kf4 61. Re7 Nxe4 62. Rxc7 d5 63. Rb7 Nc3 64.
Rc7 d4 65. Kf6 Ke4 66. Re7+ Kd3 67. Ke5 Ke3 68. Kf5+ Kd2 69. Rh7 d3 70. Rh2+ Kc1 71. Rh1+ Kc2 72. Ke5 d2 73. Kd4 d1=Q+ 74. Rxd1 Nxd1 75.
Kc5 Nc3 76. Kb4 Kb2 0-1

[Event "*** Titled Tuesday Blitz"]
[Site "Chess.com"]
[Date "2019.05.07"]
[Round "9"]
[White "nonscitis"]
[Black "GCamachoMartinez"]
[Result "1/2-1/2"]
[WhiteElo "2566"]
[BlackElo "2401"]
[TimeControl "180+2"]
[EndTime "15:09:43 PDT"]
[Termination "Game drawn by agreement"]

1. d4 d5 2. c4 c6 3. Nc3 Nf6 4. Nf3 dxc4 5. a4 Bf5 6. g3 Ne4 7. Bg2 Nxc3 8. bxc3 Be4 9. O-O e6 10. Nd2 Bxg2 11. Kxg2 b5 12. Rb1 a6 13. e4 Nd7 14. d5 Nc5 15. dxc6 Nxa4 16. Qf3 Qd3 17. Qxd3 cxd3 18. c4 b4 19. Nb3 Nc5 20. Rd1 Nxb3 21. Rxb3 Rc8 22. Rbxd3 Be7 23. Rd7 Rxc6 24. Rb7 Rc8 25.
Rdd7 Bf6 26. e5 Bxe5 27. Re7+ Kf8 28. Rxf7+ Kg8 29. Rfe7 h6 30. Rxe6 Bc3 31. Rxa6 Rxc4 32. Be3 Re4 33. Rg6 Bf6 34. Kf3 Rc4 35. Rg4 Rxg4 36.
Kxg4 Bc3 37. Bc5 Kh7 38. Bxb4 Bd4 39. Kf3 Re8 40. Bd2 Bf6 41. Be3 Rc8 42. Rd7 Rc3 43. h4 Kg6 44. Ke4 h5 45. Kf3 Rb3 46. Rd6 Kf5 47.
Rd5+ Kg6 48. Kg2 Ra3 49. Bg5 Bxg5 50. Rxg5+ Kh6 51. Rd5 g6 52. Re5 Kg7 53. f3 Kf6 54. Re4 Ra2+ 55. Kf1 Ra3 56. Kf2 Ra2+ 57. Re2 Ra3 58.
Rb2 Rc3 59. Kg2 Kf5 60. Rb5+ Kf6 61. Rd5 Rb3 62. g4 hxg4 63. fxg4 Rb4 64. Kf3 Rb3+ 65.
Ke4 Rh3 66. Rd6+ Kf7 67. Kf4 Rxh4 68. Kg5 Rh1 69. Rf6+ Kg7 70. Rxg6+ Kh7 71. Rb6 Ra1 72. Kh5 Rh1+ 73. Kg5 Ra1 74. Rb7+ Kg8 75. Kh6 Ra6+ 76. Kh5 Rc6 77. g5 Ra6 78. g6 Ra1 79. Kh6 1/2-1/2

[Event "*** Titled Tuesday Blitz"]
[Site "Chess.com"]
[Date "2019.05.07"]
[Round "9"]
[White "ShimanovAlex"]
[Black "SaraciNderim"]
[Result "0-1"]
[WhiteElo "2836"]
[BlackElo "2763"]
[TimeControl "180+2"]
[EndTime "15:09:55 PDT"]
[Termination "SaraciNderim won by resignation"]

1. d4 Nf6 2. Bf4 d5 3. e3 c5 4. Nc3 e6 5. Nb5 Na6 6. h3 Be7 7. Nf3 O-O 8. c3 Bd7 9. a4 c4 10. b3 cxb3 11. Qxb3 Bc6 12. Bd3 Ne8 13. O-O Nd6 14. Ne5 Bxb5 15. axb5 Nc7 16. c4 dxc4 17.
Nxc4 Ncxb5 18. Nxd6 Nxd6 19. Bxd6 Bxd6 20. Qxb7 a5 21.
Qb5 Bb4 22. Bc2 g6 23. Rfd1 Qc7 24. Ba4 Rab8 25. Qe2 Rfc8 26. g3 Kg7 27. h4 Qc4 28. Qf3 Bc3 29. Ra3 Rb2 30. d5 exd5 31. Bd7 Rc7 32.
Be8 d4 33. Ra4 Qe2 34. Qxe2 Rxe2 35. Kf1 Rb2 36. exd4 Re7 37. Ra3 Bb4 38. Re3 Rc7 39.
Ba4 Bd6 40. d5 Rc4 41. Ra1 Bc5 42. Rf3 Rd4 43. Rc1 Rxd5 44. Bb3 Rf5 45. Rxf5 gxf5 46. Rxc5 Rxb3 47. Rxf5 a4 48. Ra5 a3 49. Kg2 h6 50.
g4 Rc3 51. f3 Rb3 52. Kg3 Rc3 53.
Kf4 Rb3 54. Kf5 Rxf3+ 55. Ke4 Rb3 56. Kf4 Rb4+ 57. Kf5 Rb3 58. Ra7 Rh3 59. h5 Rf3+ 60. Ke4 Rb3 61. Kf5 Rb5+ 62. Kf4 Rb3 63. Kf5 Rc3 64.
Ke5 Kf8 65. Ra6 Ke7 66. Ra7+ Ke8 67. Ra8+ Kd7 68. Ra7+ Kc6 69. Rxf7 Rc5+ 70. Ke6 Ra5 71. Rf1 a2 72. Ra1 Kc5 73. Kf5 Kb4+ 74. Kg6 Ra6+ 75. Kf5 Kb3 76. Kf4 Kb2 77. Rg1 a1=Q 78. Rxa1 Rxa1 79. g5 Ra4+ 80. Kg3 hxg5 81. h6 Rh4 82. h7 Rxh7 0-1

[Event "*** Titled Tuesday Blitz"]
[Site "Chess.com"]
[Date "2019.05.07"]
[Round "9"]
[White "Sutormin_DA"]
[Black "MikaelyanArman"]
[Result "1/2-1/2"]
[WhiteElo "2542"]
[BlackElo "2687"]
[TimeControl "180+2"]
[EndTime "15:10:34 PDT"]
[Termination "Game drawn by agreement"]

1. e4 c5 2. c3 Nf6 3. e5 Nd5 4. d4 cxd4 5. Nf3 Nc6 6. cxd4 d6 7. Bc4 Nb6 8. Bb5 dxe5 9. Nxe5 Bd7 10. Nxd7 Qxd7 11.
Nc3 e6 12. O-O Rd8 13. Be3 Be7 14. Qb3 O-O 15. Rfd1 Nd5 16. Nxd5 Qxd5 17. Qxd5 Rxd5 18.
Bc4 Rd6 19. d5 Na5 20. Be2 exd5 21. Bf3 Rfd8 22. Bf4 Rc6 23. Rxd5 Rxd5 24. Bxd5 Rc2 25. Rc1 Rxc1+ 26. Bxc1 Nc6 27. a3 Bf6 28. Kf1 Kf8 29. Ke1 Ke7 30. b4 Kd6 31. Bxf7 Ne5 32. Bg8 Nd3+ 33. Kd1 Nxc1 34. Kxc1 h6 35. Kc2 Bd4 36. f3 Ke5 37. Kd3 Bg1 38. h4 Kf4 39. Bd5 b6 40. g4 g5 41. h5 a5 42. bxa5 bxa5 43.
a4 Ke5 44. Kc4 Be3 45. Be4 Kd6 46. Kb5 Bd2 47. Ka6 Kc7 48. Kb5 Kd6 49. Kc4 Be1 50. Bd3 Bd2 51. Kd4 Bf4 52. Ke4 Ke7 53. Kf5 Kf7 54. Bc4+ Kg7 55. Ke6 Bd2 56. Kd7 Be1 57. Bd5 Bd2 58. Be4 Be1 59. Ke6 Bd2 60. Bg6 Be1 61. Kf5 Bd2 62. Ke4 Be1 63. f4 gxf4 64. Kxf4 Bd2+ 65. Kf5 Be1 66. g5 hxg5 67. Kxg5 Bd2+ 68.
Kf5 Be1 69. Be8 Bd2 70. Ke6 Be1 71. Kd5 Bd2 72. Kc4 Be1 73. Kb5 Bd2 74. Bc6 Be1 75.
Be4 Bd2 76. Bd3 Be1 77. Be4 Bd2 78. Kc4 Be1 79. Kd3 Bb4 80. Kc2 Be7 81. Kb3 Bd8 82. Kc4 Bh4 83. Kd5 Be1 84. Kd6 Bd2 85. Kc5 Be1 86. Kd4 Bd2 87. Kd3 Bb4 88. Ke2 Be7 89.
Kf3 Bd8 90. Kg4 Bc7 91. Kf5 Bd8 92. Bd3 Bb6 93. Ke6 Be3 94. Kd5 Bd2 95. Kd4 Be1 96. Bg6 Bb4 97. Kd3 Be1 98. Kc4 Bh4 99. Kb5 Be1 100.
Kc4 Bd2 101. Bb1 Be1 102. Kd3 Bb4 103. Kc4 Be7 104. Kb5 Bb4 105. Kc6 Be1 106. Kb5 Bd2 107. Kc6 Be1 108. Kd5 Bd2 109. Kd4 Bb4 110. Kd3 Be7 111. Kc4 Bd8 112. Kb5 Kh6 113. Kc6 Kg7 114. Kd7 Bh4 115. Ke6 Be1 116. Ke5 Bd2 117. Ke4 Bb4 118. Kd3 Be1 119. Kc4 Bh4 120. Kb3 Be7 121. Kc4 Bd8 122. Kb5 Kh6 123. Kc6 Kg7 124. Kd7 Bh4 125. Ke6 Be1 126. Kf5 Bd2 127. Kg4 Bb4 128. Kg5 Bc3 129. h6+ Kh8 130. Kg6 Bd2 131. Kh5 Bc3 132. Bd3 Bd2 133. Be4 Bb4 134. Bd5 Bc3 135. Be4 Bb4 136. h7 Bc3 137. Kg6 Bb4 138. Kf7 Bc3 139. Ke6 Bb4 140. Kd5 Be1 141. Kc4 Bf2 142. Kd3 Be1 143. Kc4 Bb4 144. Kb5 Bd2 145. Bd3 Be1 146. Kb6 Bd2 147. Kb5 Be1 148. Ka6 Bd2 149. Kb7 Be1 150. Kc6 Bd2 151. Kd5 Be1 152. Ke4 Bb4 153. Ke3 Be7 154. Bf5 Bd8 155. Kd3 Bc7 156. Kc4 Bd8 157. Kb5 Kg7 158. Kc6 Kh8 159. Kd7 Bh4 160. Ke6 Be1 161. Ke5 Bd2 162. Kd5 Be1 163. Ke4 Bb4 164. Kd3 Be1 165. Kc4 Bb4 166. Kb5 Be1 167. Be4 Bb4 168. Bf5 Be1 169. Bg6 Bb4 170. Kc6 Be1 171. Kd5 Bb4 172. Ke4 Be1 173. Kd3 Bb4 174. Ke2 Be7 175. Bc2 Bb4 176. Kf3 Be7 177. Kg4 Bb4 178. Kf5 Be1 179. Ke6 Bb4 180. Kf7 Bc3 181. Bg6 Bb4 182. Ke8 Bc3 183. Bd3 Bb4 184. Kf7 Bc3 185. Ke6 1/2-1/2

[Event "*** Titled Tuesday Blitz"]
[Site "Chess.com"]
[Date "2019.05.07"]
[Round "9"]
[White "NeverEverForever1990"]
[Black "fidezivkovic"]
[Result "1-0"]
[WhiteElo "2443"]
[BlackElo "2285"]
[TimeControl "180+2"]
[EndTime "15:10:40 PDT"]
[Termination "NeverEverForever1990 won by resignation"]

1. d4 Nf6 2. Nf3 g6 3. c4 Bg7 4. Nc3 d5 5. cxd5 Nxd5 6. e4 Nxc3 7. bxc3 O-O 8. Be2 c5 9. O-O Nc6 10. d5 Na5 11. Rb1 c4 12. Be3 Bxc3 13. Nd2 e6 14.
Nxc4 exd5 15. Qxd5 Qxd5 16. exd5 Nxc4 17. Bxc4 b6 18.
Rbc1 Bb2 19. Rc2 Be5 20. Bb3 Bf5 21. Rc6 Bd7 22. Rc2 Rac8 23. Rfc1 Rxc2 24. Rxc2 Rc8 25. Rxc8+ Bxc8 26. a4 Bd7 27. f4 Bd6 28. g3 Kf8 29. Kf2 Ke7 30. Bd4 Bc5 31. Ke3 Kd6 32. Kd3 Bf5+ 33. Kc3 Bxd4+ 34. Kxd4 Bh3 35. Bc4 Bg4 36.
Bb5 Bd1 37. h3 f6 38. h4 Bb3 39. Bc6 h6 40. Be8 g5 41. Bc6 gxf4 42. gxf4 f5 43. h5 Bd1 44. Be8 Bf3 45. Bf7 a6 46. Kc4 Be2+ 47. Kd4 a5 48. Bg6 Bf3 49. Bf7 Bd1 50. Be8 Bb3 51. Bc6 Bd1 52. Be8 Be2 53. Bg6 Bf3 54. Bf7 Be2 55. Bg6 Bd1 56. Be8 Bb3 57. Bc6 Bc2 58. Be8 Be4 59. Bf7 Bf3 60. Bg6 Bxd5 61. Bxf5 Bf3 62. Bg6 Bd1 63. Be8 Ke7 64.
Bb5 Bxh5 65. Ke5 Be8 66. Bxe8 Kxe8 67. Kf6 b5 68. axb5 a4 69. Ke6 Kd8 70. f5 a3 71.
f6 a2 72. f7 a1=Q 73. f8=Q+ Kc7 74. Qc5+ Kb8 75. Qd6+ Kb7 76. Qc6+ Kb8 77. Qe8+ Kb7 78. Qd7+ Kb6 79. Qc6+ Ka7 80. b6+ Ka6 81. Qa8+ Kxb6 82. Qxa1 Kb5 83. Qh1 Kc4 84. Qxh6 Kd4 85. Qh4+ 1-0

[Event "*** Titled Tuesday Blitz"]
[Site "Chess.com"]
[Date "2019.05.07"]
[Round "9"]
[White "Korchmar_Vasiliy"]
[Black "Shant_Sargsyan"]
[Result "0-1"]
[WhiteElo "2814"]
[BlackElo "2959"]
[TimeControl "180+2"]
[EndTime "15:16:02 PDT"]
[Termination "Shant_Sargsyan won on time"]

1. d4 Nf6 2. c4 e6 3. g3 d5 4. Bg2 Bb4+ 5. Nd2 O-O 6. Nf3 b6 7. O-O Bb7 8. Ne5 Nc6 9. Nxc6 Bxc6 10. Qc2 Bb7 11. cxd5 exd5 12. Nf3 Re8 13. Bf4 Bd6 14. e3 Ne4 15. Rfd1 Bxf4 16. gxf4 c5 17. dxc5 bxc5 18. Ne5 Qb6 19. Bxe4 dxe4 20. Rac1 Rac8 21. Qc4 Re7 22. Rd2 g5 23. Rcd1 gxf4 24. exf4 Rxe5 25.
Rd6 Bd5 26. R1xd5 Rxd5 27. Rxb6 Rd1+ 28. Kg2 axb6 29. Qxe4 Rd6 30. f5 f6 31. h4 Rcd8 32. h5 Kg7 33. Qe3 R8d7 34. h6+ Kf8 35. Qf3 Rd5 36.
Qe4 R5d6 37. Qa8+ Rd8 38. Qb7 R8d7 39. Qa6 Kf7 40. a4 Kf8 41. a5 bxa5 42. Qxa5 Rd5 43. Qb5 Kf7 44. Qc6 R7d6 45. Qc8 Rd7 46. Qh8 Rxf5 47.
Qxh7+ Ke6 48. Qg8+ Kd6 49. Qf8+ Kc7 50. Kf1 Rh5 51.
Qa8 Rxh6 52. Qa7+ Kd6 53. Qb8+ Ke7 54. Qf4 Rg6 55. Qe4+ Kf7 56. Qc4+ Kg7 57. Qxc5 Rg5 58. Qc6 Rgd5 59. Qe6 R5d6 60. Qg4+ Kf7 61. Qh5+ Kg7 62. b4 Rd5 63. Qg4+ Kf7 64. Qc4 Ke7 65. Qe4+ Re5 66.
Qc4 Rb7 67. Qh4 Reb5 68. Qh7+ Ke6 69. Qg8+ Ke7 70. Qh7+ Kd6 71. Qh8 Ke6 72. Qe8+ Kf5 73. Qh5+ Ke6 74. Qe8+ Kd5 75. Qd8+ Ke5 76. Qe8+ Kf5 77.
Qh5+ Ke6 78. Qe8+ Kd5 79. Qd8+ Ke5 80. Qe8+ Kf4 81. Qe3+ Kf5 82. Qf3+ Ke6 83. Qh3+ f5 84. Qe3+ Kf7 85. Qf3 R7b6 86. Qh5+ Ke6 87. Qe2+ Kf6 88. Qb2+ Kg6 89. Qh8 Rxb4 90. Qg8+ Kf6 91. Qf8+ Ke6 92.
Qe8+ Kd5 93. Qd7+ Ke5 94. Qe7+ Kf4 95. Qh4+ Kf3 96. Qh5+ Ke4 97. Qe8+ Kf4 98. Qe3+ Kg4 99. Qg3+ Kh5 100. Qh3+ Kg6 101. Qg3+ Rg4 102. Qd3 Re6 103. Qd8 Rge4 104. Qg8+ Kf6 105. Qf8+ Kg5 106. Qg7+ Rg6 107. Qf8 Ree6 108. Qd8+ Kg4 109. Qd1+ Kh4 110. Qd4+ Kh5 111. Qh8+ Kg5 112. Qd8+ Rgf6 113. Qg8+ Kf4 114. Qg3+ Ke4 115. Qe3+ Kd5 116. Qd3+ Kc6 117. Qc4+ Kd7 118. Qd5+ Rd6 119. Qb7+ Ke6 120. Qb3+ Ke7 121. Qb7+ Kf8 122. Qa8+ Kg7 123. Qf3 f4 124. Qg4+ Kf8 125. Qf3 Ra6 126. Kg2 Kg7 127. Kf1 Rac6 128. Qg2+ Kf8 129. Qf3 Ra6 130. Qc3 f3 131. Qc8+ Kg7 132. Qd7+ Kh6 133. Qh3+ Kg6 134. Qg4+ Kf7 135. Qd7+ Kf8 136. Qd8+ Kg7 137. Qd7+ Rf7 138. Qd4+ Kh7 139. Qd3+ Rg6 140. Qd5 Kg8 141. Qd8+ Rf8 142. Qd5+ Kg7 143. Qe5+ Rff6 144.
Qc7+ Kh6 145. Qh2+ Kg7 146. Qc7+ Rf7 147. Qe5+ Rgf6 148. Qg3+ Kf8 149. Qb8+ Ke7 150. Qc7+ Ke6 151. Qc6+ Ke5 152. Qc5+ Kf4 153. Qd4+ Kg5 154. Qe5+ Rf5 155. Qg3+ Kh6 156. Qh2+ Rh5 157. Qd6+ Kh7 158. Qd3+ Rff5 159. Qd7+ Kg6 160. Qe6+ Kg7 161. Qe7+ Rf7 0-1

[Event "*** Titled Tuesday Blitz"]
[Site "Chess.com"]
[Date "2019.05.07"]
[Round "10"]
[White "monalize"]
[Black "Keaton87"]
[Result "0-1"]
[WhiteElo "2348"]
[BlackElo "2532"]
[TimeControl "180+2"]
[EndTime "15:18:51 PDT"]
[Termination "Keaton87 won by checkmate"]

1. e4 c5 2. Nf3 d6 3. d4 Nf6 4. Nc3 cxd4 5. Nxd4 g6 6. Be3 Bg7 7. f3 O-O 8. Qd2 Nc6 9. O-O-O d5 10. exd5 Nxd5 11.
Nxc6 bxc6 12. Bd4 Bxd4 13. Qxd4 Qb6 14. Na4 Qc7 15. h4 Rb8 16. h5 Rb4 17. c4 Rxa4 18. hxg6 fxg6 19. Kb1 Bf5+ 20. Ka1 Rxa2+ 21. Kxa2 Qa5+ 22.
Kb3 Qb4+ 23. Ka2 Qa4# 0-1

[Event "*** Titled Tuesday Blitz"]
[Site "Chess.com"]
[Date "2019.05.07"]
[Round "10"]
[White "GMKrikor"]
[Black "CarrotsandPizza"]
[Result "1-0"]
[WhiteElo "2725"]
[BlackElo "2159"]
[TimeControl "180+2"]
[EndTime "15:19:13 PDT"]
[Termination "GMKrikor won by resignation"]

1. e4 c5 2. Nf3 Qb6 3. a4 e6 4. a5 Qc7 5. Nc3 a6 6. d4 cxd4 7. Nxd4 Nf6 8. Nb3 Bb4 9. Bd3 Nc6 10. O-O Nxa5 11. Nxa5 Bxa5 12. e5 Qxe5 13. Re1 Qc7 14. Bg5 O-O 15. Bxf6 gxf6 16. Qh5 Re8 17. Qxh7+ Kf8 18.
Nd5 1-0

[Event "*** Titled Tuesday Blitz"]
[Site "Chess.com"]
[Date "2019.05.07"]
[Round "10"]
[White "Al_Shima"]
[Black "XiaoKangZhong"]
[Result "1-0"]
[WhiteElo "2411"]
[BlackElo "2235"]
[TimeControl "180+2"]
[EndTime "15:20:21 PDT"]
[Termination "Al_Shima won by resignation"]

1. b3 e5 2. Bb2 d6 3. e3 g6 4. Nf3 Bg7 5. d4 Nc6 6. Bb5 Bd7 7. d5 Nce7 8. Bxd7+ Qxd7 9. c4 f5 10.
Ng5 Nf6 11. Ne6 Bh6 12. f4 Ng4 13. fxe5 Nxe3 14. Qe2 Rg8 15. Bd4 Ng4 16. exd6 Qxd6 17. Bc5 Qd7 18. h3 Nf6 19. Bxe7 Kxe7 20. Nc5+ Ne4 21.
Nxd7 Bg7 22. Nd2 Bc3 23. O-O-O Kxd7 24. Nxe4 fxe4 1-0

[Event "*** Titled Tuesday Blitz"]
[Site "Chess.com"]
[Date "2019.05.07"]
[Round "10"]
[White "WeAintSurePal"]
[Black "NeverEverForever1990"]
[Result "0-1"]
[WhiteElo "2251"]
[BlackElo "2447"]
[TimeControl "180+2"]
[EndTime "15:20:23 PDT"]
[Termination "NeverEverForever1990 won by resignation"]

1. d4 Nf6 2. Nf3 d5 3. Bg5 c5 4.
e3 Ne4 5. Bf4 Qb6 6. Nbd2 Nc6 7.
dxc5 Nxc5 8. Nb3 e6 9. Be2 Bd7 10. O-O Be7 11. c3 O-O 12. Ne5 Nxe5 13. Bxe5 Ba4 14.
Bd4 Qc7 15. Bd3 Nxd3 16. Qxd3 e5 17. Bxa7 Rxa7 18. Qxd5 Rd8 19. Qf3 Qc6 20. Qg3 Bxb3 21. axb3 Rxa1 22. Rxa1 Qd5 23. h3 e4 24. Qc7 Qd1+ 25.
Rxd1 Rxd1+ 26. Kh2 Bd6+ 27. Qxd6 Rxd6 0-1

[Event "*** Titled Tuesday Blitz"]
[Site "Chess.com"]
[Date "2019.05.07"]
[Round "10"]
[White "j_coca"]
[Black "Satscho"]
[Result "1-0"]
[WhiteElo "2001"]
[BlackElo "2263"]
[TimeControl "180+2"]
[EndTime "15:20:36 PDT"]
[Termination "j_coca won by resignation"]

1. f4 e5 2. fxe5 d6 3. exd6 Bxd6 4. Nf3 Nf6 5. d4 Ng4 6. e4 Nxh2 7. e5 Nxf3+ 8. Qxf3 Be7 9. Bc4 Be6 10. d5 b5 11. Bb3 c6 12. dxe6 fxe6 13. Bxe6 Rf8 14. Qh5+ g6 15. Qxh7 Qd4 16. Qxg6+ Kd8 17. Qd3 Bb4+ 18.
Bd2 Rf1+ 19. Rxf1 1-0

[Event "*** Titled Tuesday Blitz"]
[Site "Chess.com"]
[Date "2019.05.07"]
[Round "10"]
[White "Walter_White_Poland"]
[Black "superstructure"]
[Result "1-0"]
[WhiteElo "2308"]
[BlackElo "2320"]
[TimeControl "180+2"]
[EndTime "15:21:00 PDT"]
[Termination "Walter_White_Poland won by checkmate"]

1. e4 e5 2. Nf3 Nc6 3. Bb5 a6 4.
Ba4 Nf6 5. O-O Be7 6. Re1 b5 7.
Bb3 d6 8. c3 O-O 9. h3 Nb8 10.
d4 Nbd7 11. Nbd2 Bb7 12. Bc2 Re8 13. Nf1 Bf8 14. Ng3 g6 15. a4 c5 16. d5 c4 17.
Bg5 Qc7 18. Nh2 Be7 19. Rf1 Nxd5 20. Bxe7 Nxe7 21. Qd2 Nf8 22. Ng4 Red8 23. Qg5 Nc6 24. Nh6+ Kg7 25. Ngf5+ Kh8 26. Qf6# 1-0

[Event "*** Titled Tuesday Blitz"]
[Site "Chess.com"]
[Date "2019.05.07"]
[Round "10"]
[White "maxip32"]
[Black "Chebure"]
[Result "1-0"]
[WhiteElo "2457"]
[BlackElo "2593"]
[TimeControl "180+2"]
[EndTime "15:21:27 PDT"]
[Termination "maxip32 won by resignation"]

1. e4 c6 2. d4 d5 3. e5 c5 4.
dxc5 Nc6 5. Bb5 Bf5 6. Nf3 e6 7. Be3 Bg4 8. h3 Bxf3 9. Qxf3 Ne7 10. Nd2 Ng6 11. Qg3 Be7 12. Bd4 O-O 13. Bxc6 bxc6 14.
O-O Bh4 15. Qg4 Bg5 16. Nf3 Be7 17. b4 a5 18. c3 axb4 19. cxb4 Ra3 20. Bb2 Ra4 21. Rfc1 Qa8 22. a3 Rb8 23. h4 h6 24.
h5 Nf8 25. Nd4 Qb7 26. Rab1 Qc7 27. Qe2 Nd7 28. f4 Qa7 29. Nxc6 1-0

[Event "*** Titled Tuesday Blitz"]
[Site "Chess.com"]
[Date "2019.05.07"]
[Round "10"]
[White "norwaytoadog"]
[Black "Eliwood44"]
[Result "1-0"]
[WhiteElo "2252"]
[BlackElo "2230"]
[TimeControl "180+2"]
[EndTime "15:21:32 PDT"]
[Termination "norwaytoadog won by checkmate"]

1. e4 e5 2. Nf3 Nc6 3. Bb5 g6 4. c3 a6 5. Ba4 Bg7 6. O-O Nge7 7. d4 exd4 8. cxd4 b5 9. Bb3 Na5 10. Bc2 O-O 11. Bg5 h6 12. Bf4 d5 13. e5 Bg4 14.
Nbd2 Nc4 15. h3 Bxf3 16. Nxf3 Nxb2 17. Qc1 g5 18. Bxg5 hxg5 19. Nxg5 Nc4 20. Qd1 Nf5 21. Qh5 Nh6 22. Rad1 c5 23. Rd3 cxd4 24. Rg3 Nxe5 25.
Nxf7 Nexf7 26. Rxg7+ Kxg7 27. Qg6+ Kh8 28. Qh7# 1-0

[Event "*** Titled Tuesday Blitz"]
[Site "Chess.com"]
[Date "2019.05.07"]
[Round "10"]
[White "saraswathii"]
[Black "mikhaillushenkov"]
[Result "0-1"]
[WhiteElo "2297"]
[BlackElo "2745"]
[TimeControl "180+2"]
[EndTime "15:21:52 PDT"]
[Termination "mikhaillushenkov won by resignation"]

1. d4 Nf6 2. Bf4 d5 3. e3 e6 4.
Nf3 c5 5. c3 Nc6 6. Bd3 Bd6 7.
Bg3 O-O 8. Nbd2 Qe7 9. Qc2 e5 10. dxe5 Nxe5 11. Nxe5 Bxe5 12. Nf3 Bc7 13. Bh4 h6 14.
O-O Bg4 15. Nd2 Rfe8 16. Rae1 c4 17. Bf5 Qe5 18. Bg3 Qxf5 19. Qxf5 Bxf5 20. Bxc7 Bd3 21. Nf3 Ne4 22. Rd1 Bxf1 23. Kxf1 Rac8 24. Be5 Rcd8 25.
h4 h5 26. Bc7 Rd7 27. Bf4 f6 28. Nd4 Kf7 29. f3 Nc5 30. Nf5 Re6 31. Nd4 Ra6 32. a3 Nd3 33. b3 Nxf4 34. exf4 Rxa3 0-1

[Event "*** Titled Tuesday Blitz"]
[Site "Chess.com"]
[Date "2019.05.07"]
[Round "10"]
[White "Caisachess"]
[Black "GMJimKnopf"]
[Result "1-0"]
[WhiteElo "2343"]
[BlackElo "2356"]
[TimeControl "180+2"]
[EndTime "15:22:08 PDT"]
[Termination "Caisachess won by checkmate"]

1. e4 c5 2. c3 d6 3. d4 Nf6 4. Bd3 b6 5. Nf3 Bb7 6. Qe2 g6 7. O-O Bg7 8. Re1 O-O 9. a4 Nc6 10. d5 Nb8 11. c4 a6 12. Nc3 Nbd7 13.
h3 Re8 14. Bf4 Qc7 15. e5 dxe5 16. Nxe5 Nxe5 17. Bxe5 Qc8 18. Qc2 e6 19. Qb3 exd5 20. cxd5 Qd8 21. Bc4 Rc8 22. d6 Rc6 23. Bxf7+ Kh8 24.
Bxe8 Nxe8 25. Qf7 Rc8 26. d7 Qg5 27. dxe8=Q+ Rxe8 28.
Bxg7# 1-0

[Event "*** Titled Tuesday Blitz"]
[Site "Chess.com"]
[Date "2019.05.07"]
[Round "10"]
[White "Vice64"]
[Black "Indianlad"]
[Result "0-1"]
[WhiteElo "2559"]
[BlackElo "2885"]
[TimeControl "180+2"]
[EndTime "15:22:11 PDT"]
[Termination "Indianlad won by resignation"]

1. e4 c5 2. Nf3 d6 3. d4 cxd4 4. Nxd4 Nf6 5. Nc3 a6 6. h3 e5 7. Nb3 b5 8. Bg5 Nbd7 9. Qe2 Be7 10. O-O-O b4 11. Bxf6 Nxf6 12. Nd5 Nxd5 13. Rxd5 Be6 14.
Rd1 Qc7 15. Kb1 O-O 16. g3 a5 17. f4 a4 18. Nc1 b3 19. cxb3 axb3 20. a3 f5 21. g4 fxe4 22. f5 Bf7 23. Qxe4 d5 24.
Qd3 Bxa3 25. bxa3 Rxa3 26. Rh2 Rfa8 27. Nxb3 e4 28. Rc2 Qb6 29. Qb5 Rxb3+ 0-1

[Event "*** Titled Tuesday Blitz"]
[Site "Chess.com"]
[Date "2019.05.07"]
[Round "10"]
[White "H3nriqueTV"]
[Black "kintoho"]
[Result "0-1"]
[WhiteElo "2008"]
[BlackElo "2538"]
[TimeControl "180+2"]
[EndTime "15:22:24 PDT"]
[Termination "kintoho won by resignation"]

1. e4 Nc6 2. d4 d5 3. exd5 Qxd5 4. Nc3 Qxd4 5. Qxd4 Nxd4 6. Bd3 c6 7. Be3 Nf5 8.
Bf4 f6 9. O-O-O e5 10. Bd2 Bc5 11. f3 Ne3 12. Bxe3 Bxe3+ 13. Kb1 Be6 14. Nge2 O-O-O 15. Ng3 Ne7 16. Nh5 Bh6 17. Ne4 Bf7 18. Nhg3 Kc7 19.
Nc5 b6 20. Nce4 Nd5 21. Nf5 Ne3 22. Nxh6 gxh6 23. Rd2 Nd5 24. a3 b5 25. Rhd1 Rb8 26.
Ng3 Bg6 27. Be4 Nb6 28. Rd6 Bxe4 29. Nxe4 Nd5 30. Re6 Rhf8 31. Nc5 Rbd8 32. Re1 Rf7 33. b3 a5 34. c4 bxc4 35. bxc4 Nf4 36. g3 Rb8+ 37.
Kc2 Nxe6 38. Nxe6+ Kd6 0-1